 Dungeon Crawl Stone Soup version 0.18-a0-1361-g9293dd1 (webtiles) character file.

188 KINGKRU the Firebug (level 5, -5/31 HPs)
             Began as a High Elf Fire Elementalist on Feb 20, 2016.
             Slain by a gnoll
             ... wielding a +0 spear
              (6 damage)
             ... on level 3 of the Dungeon.
             The game lasted 00:17:54 (3248 turns).

KINGKRU the Firebug (High Elf Fire Elementalist)    Turns: 3248, Time: 00:17:54

Health: -5/31      AC:  2    Str:  7    XL:     5   Next: 39%
Magic:  8/12       EV: 10    Int: 19    God:
Gold:   111        SH:  0    Dex: 16    Spells: 3 memorised, 5 levels left

rFire  . . .     SeeInvis .     i - +0 dagger
rCold  . . .     Gourm    .     g - +0 robe
rNeg   . . .     Faith    .     (no shield)
rPois  .         Spirit   .     (no helmet)
rElec  .         Dismiss  .     (no cloak)
rCorr  .         Reflect  .     (no gloves)
SustAt .         Harm     .     (no boots)
MR     .....                    (no amulet)
Stlth  ++........               e - +3 ring of evasion
                                o - +4 ring of evasion

@: held, not resistant to hostile enchantments, unstealthy
A: no striking features
a: no special abilities


You were on level 3 of the Dungeon.
You were not hungry.

You visited 1 branch of the dungeon, and saw 3 of its levels.

You collected 111 gold pieces.

Inventory:

Hand Weapons
 i - a +0 dagger (weapon)
Armour
 g - a +0 robe (worn)
Jewellery
 e - a +3 ring of evasion (right hand)
 l - a +3 amulet of reflection {unknown}
 o - a +4 ring of evasion (left hand)
 p - a +5 amulet of reflection {unknown}
Wands
 k - a wand of slowing (15/48)
Scrolls
 m - a scroll of noise {unknown}
 r - a scroll of immolation {unknown}
 s - a scroll of enchant weapon {unknown}
Potions
 a - a potion of curing {unknown}
 d - a potion of magic {unknown}
 f - a potion of cure mutation {unknown}
 j - a potion of lignification {unknown}
 q - a potion of ambrosia {unknown}
Books
 b - a book of Flames

   Spells                             Type                      Level
   a - Flame Tongue                   Conjuration/Fire             1
   b - Throw Flame                    Conjuration/Fire             2
   c - Conjure Flame                  Conjuration/Fire             3
   d - Inner Flame                    Hexes/Fire                   3
   e - Sticky Flame                   Conjuration/Fire             4
   f - Fireball                       Conjuration/Fire             5
Comestibles
 c - 4 bread rations
 h - 2 beef jerkies
 n - a fruit


   Skills:
 + Level 0.2 Short Blades
 + Level 2.6 Dodging
 + Level 3.0 Stealth
 + Level 4.1 Spellcasting
 + Level 2.3 Conjurations
 + Level 4.2 Fire Magic


You had 5 spell levels left.
You knew the following spells:

 Your Spells              Type           Power        Failure   Level  Hunger
a - Flame Tongue          Conj/Fire      ###..        4%          1    None
b - Throw Flame           Conj/Fire      ###...       8%          2    ##.....
c - Sticky Flame          Conj/Fire      ###.....     38%         4    ####...


Dungeon Overview and Level Annotations

Branches:
Dungeon (3/15)

Altars:
Cheibriados
Gozag
Pakellas
Sif Muna
Trog

Annotations:
D:3 kGEAR's ghost, amateur TrBe


Message History

Casting: Flame Tongue
Confirm with . or Enter, or press ? or * to list all spells.
Aiming: Flame Tongue
Press: ? - help, Shift-Dir - straight line, f/p - gnoll
Aim: a gnoll, wielding a spear (almost dead)
The flame tongue hits the gnoll.
The gnoll is heavily wounded.
The gnoll hits you from afar with a spear!
The gnoll hits you from afar with a halberd.
The gnoll hits you with a flail!
* * * LOW HITPOINT WARNING * * *
Casting: Flame Tongue
Confirm with . or Enter, or press ? or * to list all spells.
Aiming: Flame Tongue
Press: ? - help, Shift-Dir - straight line, f/p - gnoll
Aim: a gnoll, wielding a spear (almost dead)
The flame tongue hits the gnoll.
The gnoll is severely wounded.
The gnoll hits you from afar with a spear.
You die...

≈≈≈≈≈....≈≈≈≈≈≈≈≈≈≈≈≈≈
≈≈≈≈≈....≈≈≈≈≈≈≈≈≈≈≈≈≈
≈≈≈≈≈....≈≈≈≈≈≈≈≈≈≈≈≈#
.....................#
#####''''#############
#....#.....^.#
#....#.......#
+....†)......#
############@#
#g...gg.# .......g#
........# #........
########. g $ ##


You could see 2 gnoll shamans and 3 gnolls.

Vanquished Creatures
  Natasha (thrice) (D:2)
  Robin (D:2)
  5 gnolls
  A worm (D:2)
  A giant gecko (D:2)
  6 bats
  11 goblins
  6 hobgoblins
  4 jackals (D:3)
  2 giant newts (D:1)
  9 kobolds
  7 rats
56 creatures vanquished.

Notes
Turn   | Place    | Note
--------------------------------------------------------------
     0 | D:1      | KINGKRU the High Elf Fire Elementalist began the quest for the Orb.
     0 | D:1      | Reached XP level 1. HP: 11/11 MP: 4/4
   333 | D:1      | Reached XP level 2. HP: 13/17 MP: 0/6
   944 | D:1      | Learned a level 2 spell: Throw Flame
  1175 | D:2      | Reached XP level 3. HP: 21/21 MP: 6/8
  1353 | D:2      | Noticed Natasha
  1359 | D:2      | Killed Natasha
  1392 | D:2      | Noticed Natasha
  1399 | D:2      | Killed Natasha
  1399 | D:2      | Reached XP level 4. HP: 25/27 MP: 2/10
  1467 | D:2      | Noticed Natasha
  1633 | D:2      | Noticed Robin
  1669 | D:2      | HP: 1/27 [Robin/mace (5)]
  1678 | D:2      | Killed Robin
  1888 | D:2      | Found an opulent altar of Gozag.
  1893 | D:2      | Found a snail-covered altar of Cheibriados.
  1894 | D:2      | Found an oddly glowing altar of Pakellas.
  1894 | D:2      | Found a bloodstained altar of Trog.
  1902 | D:2      | Found a deep blue altar of Sif Muna.
  2026 | D:2      | Reached skill level 4 in Fire Magic
  2166 | D:2      | Killed Natasha
  2166 | D:2      | Reached XP level 5. HP: 31/31 MP: 6/11
  2205 | D:2      | Learned a level 4 spell: Sticky Flame
  2358 | D:3      | Noticed kGEAR's ghost (amateur TrBe)
  3247 | D:3      | HP: 1/31 [gnoll/flail (12)]
  3248 | D:3      | Slain by a gnoll

Vault maps used:
D:1:      sevenhm_arrival_forest_fort_small_6
D:2:      minitemple, uniq_robin, uniq_natasha
D:3:      lemuel_castle_with_subvaults, grunt_temple_overflow_order_and_chaos_2

Action                   |  1- 3 |  4- 6 || total
-------------------------+-------+-------++-------
Melee: Dagger            |     9 |    11 ||    20
 Cast: Flame Tongue      |    48 |    76 ||   124
       Throw Flame       |     2 |       ||     2
       Sticky Flame      |       |     1 ||     1
  Use: Scroll            |     3 |     1 ||     4
       Potion            |       |     1 ||     1
  Eat: Fruit             |     2 |     3 ||     5
       Bread ration      |       |     1 ||     1
